 Dungeon Crawl Stone Soup version 0.30.1-4-g462c640d31 (webtiles) character file.

Game seed: 7605234825536325761

507 EWolf27 the Covert (level 6, -10/42 HPs)
             Began as a Vampire Enchanter on Aug 11, 2023.
             Was an Initiate of Dithmenos.
             Mangled by Ijyb
             ... wielding a +2 dagger of electrocution
              (12 damage)
             ... on level 4 of the Dungeon.
             The game lasted 00:18:20 (5284 turns).

EWolf27 the Covert (Vampire Enchanter)              Turns: 5284, Time: 00:18:20

Health: -10/42     AC:  4    Str:  7    XL:     6   Next: 97%
Magic:  8/10       EV: 13    Int: 20    God:    Dithmenos [......]
Gold:   294        SH:  0    Dex: 14    Spells: 5/10 levels left

rFire   . . .        a - +4 dagger
rCold   . . .        (no shield)
rNeg    . . .        b - +0 robe
rPois   .            (no helmet)
rElec   .            q - +0 cloak
rCorr   .            (no gloves)
SInv    +            d - +0 pair of boots
Will    .....        (no amulet)
Stlth   ++++         (no ring)
HPRegen 0.47/turn    (no ring)
MPRegen 0.12/turn

%: no passive effects
@: about to teleport, healing quickly
A: alive, fangs 3, see invisible, vampiric 2
a: Exsanguinate, Renounce Religion


You were on level 4 of the Dungeon.
You worshipped Dithmenos.
Dithmenos was noncommittal.
You visited 1 branch of the dungeon, and saw 4 of its levels.

You collected 294 gold pieces.

Inventory:

Hand Weapons
 a - a +4 dagger (weapon)
 p - the +8 mace of Karma {heavy, rElec rF+++ rCorr Dex-5}
   (You found it on level 3 of the Dungeon)

   Dex:       It affects your dexterity (-5).
   rF:        It renders you almost immune to fire.
   rElec:     It insulates you from electricity.
   rCorr:     It protects you from acid and corrosion.
Missiles
 e - 7 poisoned darts (quivered)
Armour
 b - a +0 robe (worn)
 d - a +0 pair of boots (worn)
 q - a +0 cloak (worn)
Wands
 w - a wand of charming (11)
Scrolls
 f - a scroll of blinking {unknown}
 g - 2 scrolls of vulnerability {unknown}
 i - a scroll of brand weapon {unknown}
 m - 2 scrolls of enchant armour
 n - a scroll of teleportation
 o - a scroll of acquirement {unknown}
 t - a scroll of immolation {unknown}
 v - 2 scrolls of enchant weapon {unknown}
Potions
 c - a potion of invisibility
 h - a potion of degeneration {unknown}
 j - a potion of might {unknown}
 k - a potion of flight {unknown}
 l - 2 potions of brilliance
 r - a potion of cancellation {unknown}
 s - a potion of haste {unknown}
 u - a potion of heal wounds {unknown}


   Skills:
 + Level 0.9 Fighting
 - Level 1.1 Short Blades
 + Level 3.2 Dodging
 + Level 8.9 Stealth
 + Level 2.8 Spellcasting
 + Level 6.0 Hexes
 * Level 2.5 Ice Magic


You had 5 spell levels left.
You knew the following spells:

 Your Spells              Type           Power      Damage    Failure   Level
a - Ensorcelled Hibernat  Hex/Ice        40%        N/A       3%          2
b - Confusing Touch       Hex            26%        N/A       3%          3

Your spell library contained the following spells:

 Spells                   Type           Power      Damage    Failure   Level
 Tukima's Dance           Hex            26%        N/A       3%          3
 Dazzling Flash           Conj/Hex       28%        N/A       13%         3
 Passwall                 Tmut/Erth      1%         N/A       22%         2
 Swiftness                Air            2%         N/A       41%         3


Dungeon Overview and Level Annotations

Branches:
Dungeon (4/15)
 Temple: D:4-7

Altars:
Dithmenos
Okawaru

Shops:
D:3 (

Annotations:
D:4 Ijyb


Innate Abilities, Weirdness & Mutations

Your natural rate of healing is accelerated.
You have razor-sharp teeth.
You have supernaturally acute eyesight. (SInv)
You are afflicted with vampirism and can become a bat while bloodless.


Message History

The orc wizard flickers and vanishes for a moment.
You hit the orc wizard but do no damage.
Your bite misses the orc wizard.
The orc wizard is almost dead.
The orc wizard gestures at you while chanting.
The puff of flame hits you.
You barely miss the orc wizard.
The orc wizard is almost dead.
The orc wizard barely misses you.
You barely miss the orc wizard. You punch the orc wizard.
You kill the orc wizard!
Dithmenos accepts your kill.
v - 2 scrolls labelled MAIGOS PUNAWN (gained 1)
Things that are here:
a +0 dagger; a +0 robe You start resting.
Magic restored.
You start resting.
HP restored.
Things that are here:
a +0 dagger; a +0 robe
Casting: Ensorcelled Hibernation (safe; 3% risk of failure)
Confirm with . or Enter, or press ? or * to list all spells.
Aiming: Ensorcelled Hibernation (safe; 3% risk of failure)
Press: ? - help, Shift-Dir - straight line, f/p - Ijyb
Aim: Ijyb, wielding a +2 dagger of electrocution, wearing a +4 scale mail of fire resistance and carrying a wand of mindburst (20) (wandering, hasn't noticed you, chance to affect: 62%) Ijyb shouts!
Ijyb looks drowsy...
Ijyb shouts!
Ijyb zaps a wand.
Your mind is blasted!
You hit Ijyb but do no damage.
Ijyb hits you with a +2 dagger of electrocution.
You are electrocuted!
* * * LOW HITPOINT WARNING * * *
As you read the scroll of teleportation, it crumbles to dust.
You feel strangely unstable.
Ijyb hits you with a +2 dagger of electrocution.
* * * LOW HITPOINT WARNING * * *
You are electrocuted!
You die...

##...♣.♣.♣.♣...#..#........#..##
#.....♣.♣.♣....#..#........#....
#.#....♣.♣.....########....#....
#.#.#...♣...#......#..'....#...#
#.#................#..#....#...#
#.#####............'..#....#....
#............####....#....
#....................#....
#.......g@...........#....
..........####).......#####
...........# #........#....
...........# #........#....
....... #........#.... ###....
#....#####.... #....
#....#..##'### #....
#....'..)..... #....#..##....


You could see Ijyb.

Vanquished Creatures
  Menkaure (D:4)
  A black bear (D:4)
  A kobold brigand (D:4)
  2 iguanas
  An orc wizard (D:4)
  3 adders
  4 gnolls (D:4)
  A worm (D:2)
  2 dart slugs (D:1)
  9 orcs
  7 ball pythons
  6 endoplasms
  2 giant cockroaches
  4 goblins
  6 hobgoblins
  10 jackals
  3 kobolds
  5 quokkas
  3 frilled lizards
  2 rats
73 creatures vanquished.

Notes
Turn   | Place    | Note
-------+----------+-------------------------------------------
     0 | D:1      | EWolf27 the Vampire Enchanter began the quest for the Orb.
     0 | D:1      | Reached XP level 1. HP: 13/13 MP: 3/3
   136 | D:1      | Reached XP level 2. HP: 19/19 MP: 5/5
   139 | D:1      | Learned a level 2 spell: Ensorcelled Hibernation
   167 | D:1      | Reached skill level 5 in Stealth
   640 | D:1      | Found a faded altar of an unknown god.
  1325 | D:2      | Reached skill level 5 in Hexes
  1325 | D:2      | Gained mutation: You are afflicted with vampirism and can
                  | become a bat while bloodless. [Vampire growth]
  1325 | D:2      | Reached XP level 3. HP: 22/24 MP: 3/6
  1383 | D:2      | Learned a level 3 spell: Confusing Touch
  2316 | D:3      | Reached skill level 6 in Stealth
  2330 | D:3      | Identified the +8 mace of Karma {heavy, rElec rF+++ rCorr
                  | Dex-5}
  2452 | D:3      | Found Xuekoal's Weapon Shop.
  2624 | D:3      | Reached XP level 4. HP: 30/30 MP: 7/7
  2961 | D:3      | Reached skill level 1 in Ice Magic
  4159 | D:4      | Noticed Menkaure
  4164 | D:4      | Killed Menkaure
  4165 | D:4      | Reached skill level 7 in Stealth
  4165 | D:4      | Reached XP level 5. HP: 36/36 MP: 8/8
  4224 | D:4      | Noticed a black bear
  4231 | D:4      | Killed a black bear
  4232 | D:4      | Reached skill level 8 in Stealth
  4232 | D:4      | Reached XP level 6. HP: 42/42 MP: 6/9
  4512 | D:4      | Found an iron altar of Okawaru.
  4706 | D:4      | Found a shadowy altar of Dithmenos.
  4709 | D:4      | Became a worshipper of Dithmenos the Shadowed
  5181 | D:4      | Noticed Ijyb
  5284 | D:4      | HP: 2/42 [Ijyb/+2 dagger of electrocution (2)]
  5284 | D:4      | Mangled by Ijyb

Illustrated notes

Levels and vault maps discovered:
D:1:      dpeg_arrival_radiant, layout_basic,
          shapermc_ecumenical_altar_totnotflames
D:2:      layout_loops_corners
D:3:      layout_basic, serial_shops, nicolae_lakefront_shop,
          kennysheep_generic_room_16
D:4:      layout_gridville, kennysheep_mini, okawaru_trees_2, uniq_ijyb,
          uniq_menkaure

Skill      XL: |  1  2  3  4  5  6 |
---------------+-------------------+-----
Stealth        | 5 6 7 8 |  8.9
Hexes          | 5 6 |  6.0
Ice Magic      | 1 2 |  2.5
Dodging        | 3 |  3.2
Fighting       | |  0.9
Short Blades   | |  1.1
Spellcasting   | |  2.8

Action                     |  1- 3 |  4- 6 || total
---------------------------+-------+-------++-------
  Melee: Dagger            |    51 |   107 ||   158
         Bite              |     3 |    12 ||    15
         Punch             |     1 |     2 ||     3
  Throw: Dart              |       |     2 ||     2
   Cast: Ensorcelled Hiber |    12 |    25 ||    37
         Confusing Touch   |       |     1 ||     1
    Use: Scroll            |       |     4 ||     4
         Potion            |       |     1 ||     1
   Stab: Sleeping          |    21 |    21 ||    42
         Distracted        |     1 |       ||     1
         Confused          |       |     1 ||     1
 Armour: Robe              |     9 |    31 ||    40
  Dodge: Dodged            |    35 |    81 ||   116
